Map: Frost LE

Players

ThisGameSuck - Winner!

  • Race: Protoss Protoss
  • League: Grandmaster

IIIIIIIIIIII

  • Race: Terran Terran
  • League: Grandmaster

VOD

Have the link to the VOD?

Description

Time

  • Played on: June 30, 2016, 9:09 a.m.
  • Length: 12:20
Show
View Real Time Build Order
Export as new Build Order

ThisGameSuck Protoss - Winner!

Build Orders: 1 Gate Expand, Blink Stalkers 

Get SALT Encoding   

  12  0:01  Probe (Chrono Boost)  
  13  0:11  Probe (Chrono Boost)  
  14  0:17  Pylon  
  14  0:22  Probe (Chrono Boost)  
  16  0:35  Probe (Chrono Boost)  
  16  0:37  Gateway  
  16  0:46  Probe (Chrono Boost)  
  16  0:47  Assimilator  
  18  0:57  Probe (Chrono Boost)  
  18  1:07  Probe (Chrono Boost)  
  19  1:20  Nexus  
  19  1:29  Cybernetics Core  
  19  1:33  Probe (Chrono Boost)  
  19  1:38  Assimilator  
  20  1:43  Probe (Chrono Boost)  
  21  1:51  Pylon  
  22  1:54  Probe (Chrono Boost)  
  22  2:09  Adept  
  22  2:10  Mothership Core (Chrono Boost)  
  26  2:19  Warp Gate  
  26  2:28  Probe (Chrono Boost)  
  27  2:32  Probe (Chrono Boost)  
  28  2:39  Probe (Chrono Boost)  
  28  2:40  Robotics Facility  
  28  2:43  Probe (Chrono Boost)  
  30  2:49  Probe (Chrono Boost)  
  31  2:53  Probe (Chrono Boost)  
  31  2:56  Twilight Council  
  32  3:00  Probe (Chrono Boost)  
  32  3:04  Probe (Chrono Boost)  
  34  3:10  Probe (Chrono Boost)  
  35  3:15  Probe (Chrono Boost)  
  36  3:21  Probe (Chrono Boost)  
  36  3:22  Gateway  
  36  3:24  Gateway, Blink  
  36  3:25  Probe (Chrono Boost)  
  38  3:27  Observer (Chrono Boost)  
  38  3:32  Probe (Chrono Boost)  
  40  3:36  Probe (Chrono Boost)  
  41  3:43  Probe (Chrono Boost)  
  41  3:46  Probe (Chrono Boost)  
  43  3:48  Pylon, Assimilator  
  43  3:51  Observer (Chrono Boost)  
  43  3:54  Probe  
  45  3:58  Probe  
  46  4:05  Pylon  
  46  4:06  Probe  
  46  4:09  Pylon  
  47  4:10  Probe  
  47  4:13  Observer (Chrono Boost)  
  49  4:18  Probe  
  49  4:22  Probe  
  51  4:25  Stalker x2  
  51  4:26  Stalker  
  51  4:31  Probe  
  58  4:39  Pylon  
  58  4:40  Immortal (Chrono Boost)  
  62  4:49  Stalker  
  62  4:50  Zealot x2  
  67  4:54  Probe  
  67  4:58  Probe  
  69  5:07  Probe  
  70  5:10  Probe  
  63  5:17  Stalker x3  
  67  5:23  Probe  
  67  5:24  Nexus  
  67  5:26  Mothership Core  
  67  5:27  Pylon  
  70  5:29  Assimilator  
  70  5:35  Probe  
  71  5:45  Forge  
  71  5:46  Forge  
  71  5:47  Probe x2  
  73  5:54  Sentry, Stalker  
  77  5:59  Probe x2  
  77  6:03  Stalker  
  81  6:10  Warp Prism (Chrono Boost)  
  84  6:11  Probe x2  
  85  6:23  Pylon, Probe  
  86  6:28  Protoss Ground Weapons Level 1 (Chrono Boost), Protoss Ground Armor Level 1 (Chrono Boost)  
  86  6:36  Resonating Glaives, Probe x2  
  88  6:40  Adept  
  88  6:41  Pylon  
  88  6:45  Immortal, Probe  
  94  6:48  Probe x2  
  94  6:50  Adept x2  
  101  6:56  Probe  
  101  6:59  Pylon  
  101  7:00  Probe x2  
  104  7:02  Pylon  
  104  7:06  Probe  
  104  7:07  Templar Archives  
  105  7:09  Assimilator  
  105  7:11  Assimilator  
  105  7:12  Probe  
  106  7:16  Adept  
  106  7:17  Adept x2  
  112  7:23  Gateway  
  112  7:24  Gateway  
  112  7:27  Gateway  
  112  7:31  Gateway x2  
  107  7:50  Stalker  
  107  7:51  Stalker x2  
  111  7:53  Immortal  
  111  7:55  Psionic Storm  
  111  7:56  Pylon  
  111  7:57  Probe x2  
  117  7:59  Pylon  
  117  8:01  Pylon  
  117  8:18  Stalker x3  
  123  8:28  Gateway x2  
  123  8:32  Adept x5  
  117  8:42  Immortal (Chrono Boost)  
  117  8:45  Adept x2  
  117  8:46  Adept  
  127  8:59  Protoss Ground Armor Level 2 (Chrono Boost), Protoss Ground Weapons Level 2 (Chrono Boost)  
  127  9:01  Stalker x4  
  135  9:04  Nexus  
  135  9:05  Pylon  
  135  9:19  High Templar x3  
  135  9:22  Immortal (Chrono Boost)  
  145  9:24  Sentry  
  147  9:33  Probe x2, Assimilator  
  147  9:34  Probe  
  147  9:38  Assimilator  
  144  9:45  Probe  
  144  9:46  Probe x2  
  144  9:47  Pylon  
  144  9:48  Photon Cannon  
  147  9:55  High Templar x3  
  147  9:58  Probe x2  
  147  9:59  Warp Prism (Chrono Boost)  
  147  10:28  Stalker x3  
  147  10:29  Stalker x7  
  147  10:31  Immortal (Chrono Boost)  
  165  10:55  Adept x8  
  150  11:12  Adept  
  145  11:18  Observer (Chrono Boost)  
  145  11:20  Adept x6  
  145  11:24  High Templar x2  
  145  11:25  High Templar  
  155  11:42  Adept x4  
  155  11:45  Stalker x3  
  157  12:03  Archon  
  157  12:05  Zealot x6  
  141  12:17  Zealot x4  
Show
View Real Time Build Order
Export as new Build Order

IIIIIIIIIIII Terran 

Build Orders: MMM Bio 

Get SALT Encoding   

  12  0:00  SCV  
  13  0:12  SCV  
  14  0:17  Supply Depot  
  14  0:25  SCV  
  15  0:39  SCV  
  15  0:41  Barracks  
  16  0:44  Refinery  
  16  0:51  SCV  
  17  1:03  SCV  
  18  1:15  SCV  
  19  1:27  Orbital Command  
  19  1:28  Marine  
  20  1:44  Command Center  
  20  1:53  Barracks Reactor, SCV  
  21  2:00  Supply Depot  
  21  2:05  SCV  
  22  2:16  Factory  
  22  2:17  SCV  
  23  2:26  Bunker  
  23  2:29  Marine  
  23  2:30  Marine, SCV  
  23  2:36  Refinery  
  26  2:44  SCV  
  26  2:48  Marine x2  
  29  2:56  SCV  
  29  2:57  Orbital Command  
  30  3:00  Factory Tech Lab  
  30  3:07  Starport  
  30  3:11  Marine  
  30  3:12  Marine  
  32  3:14  SCV  
  33  3:23  SCV  
  33  3:26  SCV  
  35  3:29  Siege Tank  
  38  3:35  Marine x2, SCV  
  41  3:41  Supply Depot  
  41  3:43  SCV  
  41  3:46  Medivac  
  41  3:47  SCV  
  44  3:53  Marine x2  
  46  4:03  Supply Depot, SCV x2  
  48  4:10  Marine  
  48  4:11  Marine  
  48  4:15  SCV x2  
  52  4:20  Factory Reactor  
  52  4:23  Raven  
  54  4:26  Supply Depot  
  54  4:27  SCV x2  
  54  4:31  Marine x2  
  58  4:36  Barracks  
  58  4:37  Barracks  
  58  4:39  SCV x2  
  58  4:41  Engineering Bay  
  60  4:49  Supply Depot  
  60  4:50  Refinery  
  60  4:52  Marine  
  60  4:53  Marine  
  60  4:55  SCV  
  60  4:57  SCV  
  64  5:07  SCV  
  64  5:09  SCV  
  60  5:18  Marine x2  
  60  5:19  Widow Mine x2  
  64  5:28  Barracks Tech Lab  
  61  5:29  SCV x2  
  61  5:34  Supply Depot  
  63  5:36  Marine x2, Medivac  
  63  5:41  SCV x2  
  63  5:42  Marauder, Stimpack  
  70  5:44  Terran Infantry Weapons Level 1  
  70  5:48  Supply Depot  
  70  5:49  Widow Mine  
  70  5:54  Marine x2  
  72  6:02  Marauder  
  72  6:03  Marauder  
  75  6:06  SCV x2  
  75  6:07  Supply Depot  
  75  6:09  Combat Shields  
  77  6:12  Supply Depot, Marine x2  
  79  6:24  Marauder  
  79  6:25  Marauder, SCV x2  
  84  6:28  Factory Reactor  
  84  6:31  Medivac  
  87  6:37  SCV  
  87  6:38  SCV  
  87  6:39  Marine x2, Medivac  
  92  6:42  Command Center  
  92  6:45  Marauder  
  92  6:46  Marauder  
  96  6:50  SCV x2  
  96  6:51  Supply Depot  
  96  6:53  Supply Depot  
  98  6:54  Supply Depot  
  98  6:58  Marine x2  
  100  7:02  SCV x2  
  100  7:06  Widow Mine x2  
  106  7:10  Medivac  
  106  7:14  SCV x2  
  110  7:15  Marine, Medivac  
  110  7:16  Marine x2  
  110  7:18  Marine  
  116  7:26  SCV x2  
  116  7:29  Supply Depot  
  118  7:33  Marine  
  118  7:34  Refinery, Marauder  
  121  7:38  SCV x2  
  121  7:43  Concussive Shells  
  118  7:50  SCV  
  114  7:51  Marine, SCV  
  114  7:52  Marine, Marauder  
  114  7:53  Medivac x2  
  114  7:56  Marauder  
  124  8:02  SCV  
  124  8:03  SCV  
  124  8:05  Terran Infantry Armor Level 1  
  126  8:08  Supply Depot, Barracks  
  126  8:09  Barracks  
  126  8:16  Marauder  
  126  8:17  Marauder  
  130  8:20  Marine, Widow Mine x2  
  130  8:21  Liberator  
  126  8:35  Liberator  
  126  8:38  Marauder  
  126  8:39  Marauder  
  132  8:44  Orbital Command  
  132  8:45  Refinery  
  132  8:46  Refinery  
  130  8:50  Marine x2  
  129  8:56  SCV x2  
  129  8:57  Supply Depot  
  129  8:58  Supply Depot  
  115  9:08  Barracks Tech Lab, SCV x2  
  115  9:09  Barracks Reactor  
  111  9:13  Liberator  
  111  9:16  Missile Turret  
  111  9:17  Marine x4, Missile Turret  
  111  9:20  SCV x2  
  117  9:27  Marauder  
  122  9:32  SCV x2  
  122  9:34  Marine x2  
  122  9:35  Marine, Marauder  
  126  9:48  Armory  
  126  9:50  Engineering Bay  
  128  9:53  Marauder x2  
  128  9:56  SCV  
  128  9:57  SCV x2  
  132  10:01  Marine x2, Marauder  
  132  10:06  Marine x2  
  138  10:11  Fusion Core, Liberator x2  
  138  10:13  Starport  
  140  10:14  Marauder  
  140  10:15  Marauder  
  137  10:22  Marauder, SCV  
  137  10:23  SCV x2  
  140  10:35  SCV  
  145  10:45  Marine, Marauder x3  
  152  10:52  Command Center  
  152  10:56  Starport Tech Lab  
  152  10:57  Marine x2  
  152  11:01  Liberator x2  
  152  11:02  Liberator  
  151  11:06  Marauder x3  
  145  11:17  Marine  
  145  11:18  Marine  
  143  11:25  SCV x3  
  150  11:27  Marauder x2  
  150  11:28  Marine x2, Marauder  
  156  11:35  Marine x2  
  156  11:37  SCV x2  
  156  11:38  SCV  
  143  11:49  Marauder x3, SCV x2  
  143  11:50  SCV  
Tags
 
Add a new tag
Caveats
  • Supply blocks, unpowered buildings, or Contaminate may cause inaccurate times.
  • Supply counts are checked every 10 seconds.